 Dungeon Crawl Stone Soup version 0.29-a0-1042-g87b1fcd763 (webtiles) character file.

Game seed: 13967588943238899027

150 polve the Chopper (level 5, -5/41 HPs)
             Began as a Demonspawn Abyssal Knight on Aug 15, 2022.
             Was a Priest of Lugonu.
             Slain by a gnoll
             ... wielding a +0 halberd
              (7 damage)
             ... on level 3 of the Dungeon.
             The game lasted 00:02:35 (3947 turns).

polve the Chopper (Demonspawn Abyssal Knight)       Turns: 3947, Time: 00:02:36

Health: -5/41      AC:  9    Str: 16    XL:     5   Next: 10%
Magic:  6/6        EV:  2    Int: 11    God:    Lugonu [***...]
Gold:   180        SH: 10    Dex: 13    Spells: 4/4 levels left

rFire   . . .      SeeInvis .   a - +0 war axe
rCold   . . .      Faith    .   r - +0 tower shield
rNeg    . . .      Spirit   .   q - +0 chain mail
rPois   .          Reflect  .   (helmet restricted)
rElec   .          Harm     .   (no cloak)
rCorr   .          Rampage  .   (no gloves)
Will    .....                   k - +0 pair of boots
Stlth   ..........              (no amulet)
HPRegen 0.13/turn               (no ring)
MPRegen 0.10/turn               (no ring)

@: mighty
A: horns 1, spiny 1
a: Renounce Religion, Depart the Abyss, Bend Space, Banish


You were on level 3 of the Dungeon.
You worshipped Lugonu.
Lugonu was most pleased with you.
You visited 1 branch of the dungeon, and saw 3 of its levels.
You visited the Abyss 1 time.

You collected 180 gold pieces.

Inventory:

Hand Weapons
 a - a +0 war axe (weapon)
Armour
 k - a +0 pair of boots (worn)
 q - a +0 chain mail (worn)
 r - a +0 tower shield (worn)
Scrolls
 b - 3 scrolls of summoning {unknown}
 c - 2 scrolls of enchant armour {unknown}
 d - a scroll of torment {unknown}
 f - a scroll of vulnerability {unknown}
 g - a scroll of poison {unknown}
 n - a scroll of teleportation {unknown}
 o - a scroll of noise {unknown}
Potions
 e - 2 potions of curing {unknown}
 h - 2 potions of might
 i - a potion of lignification {unknown}
 j - a potion of resistance {unknown}
 l - a potion of flight {unknown}
 m - a potion of experience {unknown}
 p - a potion of heal wounds {unknown}


   Skills:
 - Level 3.0 Fighting
 + Level 4.9 Axes
 - Level 1.7 Armour
 - Level 0.8 Dodging
 - Level 2.4 Invocations


You had 4 spell levels left.
You didn't know any spells.
Your spell library contained the following spells:

 Spells                   Type           Power      Damage    Failure   Level
 Gell's Gravitas          Tloc           0%         N/A       100%        3
 Teleport Other           Tloc           0%         N/A       100%        3
 Dispersal                Tloc           0%         N/A       100%        6


Dungeon Overview and Level Annotations

Branches:
Dungeon (3/15)

Altars:
Gozag

Shops:
D:3 ?


Innate Abilities, Weirdness & Mutations

You have a pair of small horns on your head.
You are partially covered in sharp spines.


Message History

You block the gnoll's attack.
You closely miss the gnoll.
The gnoll shouts!
Your headbutt misses the gnoll.
The gnoll is moderately wounded.
The gnoll is struck by your spines. The gnoll completely misses you.
A gnoll comes into view. It is wielding a +0 club.
An orc comes into view. It is wielding a +0 hand axe.
The gnoll is struck by your spines.
You kill the gnoll!
Lugonu accepts your kill.
The gnoll moves out of view.
Found 5 poisoned darts.
The orc shouts!
Things that are here:
a +0 flail; an adder corpse The gnoll hits you from afar with a +0 halberd!
You closely miss the gnoll. You hit the orc.
The orc hits you with a +0 hand axe. The gnoll is struck by your spines.
The gnoll hits you with a +0 club.
The gnoll hits you from afar with a +0 halberd!
You block the orc's attack. The gnoll hits you but does no damage.
You block the gnoll's attack.
You hit the gnoll.
You headbutt the gnoll, but do no damage.
The gnoll is moderately wounded.
You hit the orc.
You kill the orc!
Lugonu accepts your kill. The gnoll is struck by your spines.
The gnoll hits you with a +0 club.
The gnoll hits you from afar with a +0 halberd!
* * * LOW HITPOINT WARNING * * *
The gnoll hits you but does no damage.
The gnoll hits you from afar with a +0 halberd.
* * * LOW HITPOINT WARNING * * *
It was a potion of might.
You feel very mighty all of a sudden. You block the gnoll's attack.
The gnoll hits you from afar with a +0 halberd!
You die...

.....)..............#
######..###.........#
#######.####........#
..........###.....#..
########### ########. #
###.### .......
##################g......
...............)@g)......
##################.......
..(.... ....... #######


You could see 2 gnolls.

Vanquished Creatures
  3 gnolls
  3 adders
  A worm (D:2)
  4 dart slugs
  8 orcs (D:3)
  4 endoplasms
  5 giant cockroaches
  6 goblins
  4 hobgoblins
  3 quokkas
  8 ball pythons
  11 bats
  5 frilled lizards
  8 kobolds
  6 rats
79 creatures vanquished.

Notes
Turn   | Place    | Note
-------+----------+-------------------------------------------
     0 | Abyss:1  | polve the Demonspawn Abyssal Knight began the quest for the
                  | Orb.
     0 | Abyss:1  | Reached XP level 1. HP: 18/18 MP: 2/2
     1 | Abyss:1  | Found a corrupted altar of Lugonu.
   246 | D:1      | Escaped the Abyss
   270 | D:1      | Reached skill level 2 in Axes
   528 | D:1      | Reached ** piety under Lugonu
   538 | D:1      | Gained mutation: You have a pair of small horns on your
                  | head. [demonic ancestry]
   538 | D:1      | Reached XP level 2. HP: 4/24 MP: 3/3
   897 | D:1      | Reached skill level 3 in Axes
  1219 | D:1      | Gained mutation: You are partially covered in sharp spines.
                  | [demonic ancestry]
  1219 | D:1      | Reached XP level 3. HP: 23/29 MP: 4/4
  2310 | D:2      | Found an opulent altar of Gozag.
  2547 | D:2      | Reached skill level 4 in Axes
  2547 | D:2      | Reached XP level 4. HP: 20/35 MP: 5/5
  3036 | D:2      | Reached *** piety under Lugonu
  3488 | D:3      | Found an opulent altar of Gozag.
  3653 | D:3      | Found Kedad's Magic Scroll Shoppe.
  3939 | D:3      | Reached XP level 5. HP: 38/41 MP: 6/6
  3945 | D:3      | HP: 2/41 [gnoll/+0 halberd (6)]
  3947 | D:3      | Slain by a gnoll

Illustrated notes

Levels and vault maps discovered:
D:1:      mrwooster_arrival_statue, layout_basic
D:2:      layout_rooms, basic_altar, chequers_serial_rivers_marsh,
          minmay_small_reverse_x
D:3:      layout_rooms, nicolae_gozag_cash_rules_everything_around_me,
          serial_shops, nicolae_shop_advertising_works
          [nicolae_subvault_shop_adworks]

Skill      XL: |  1  2  3 |
---------------+----------+-----
Axes           | 2 3 4 |  4.9
Fighting       | |  3.0
Armour         | |  1.7
Dodging        | |  0.8
Invocations    | |  2.4

Action                   |  1- 3 |  4- 6 || total
-------------------------+-------+-------++-------
Melee: Hand axe          |    93 |    44 ||   137
       Headbutt          |     7 |     8 ||    15
       Punch             |     2 |     2 ||     4
       War axe           |       |     7 ||     7
Invok: Depart the Abyss  |     1 |       ||     1
  Use: Potion            |       |     1 ||     1
Armor: Leather armour    |    27 |       ||    27
       Scale mail        |     7 |    13 ||    20
       Chain mail        |       |     8 ||     8
Dodge: Dodged            |    52 |    17 ||    69
Block: Tower shield      |       |     7 ||     7

Table legend: (Time is in decaauts)
 A = Elapsed time spent in this place.
 B = Non-inter-level travel time spent in this place.
 C = Inter-level travel time spent in this place.
 D = Time resting spent in this place.
 E = Time spent auto-exploring this place.
 F = Levels seen in this place.
 G = Mean time per level.
                   A        B        C        D        E       F      G
               +--------+--------+--------+--------+--------+-----+--------+
         Total |   3972 |   3940 |     32 |      0 |   3476 |   4 |  993.0 |
       Dungeon |   3726 |   3694 |     32 |      0 |   3232 |   3 | 1242.0 |
         Abyss |    246 |    246 |      0 |      0 |    244 |   1 |  246.0 |
               +--------+--------+--------+--------+--------+-----+--------+

Top non-repeatable levels by time:
     D:1: 2072 daAuts
     D:2: 873 daAuts
     D:3: 779 daAuts
 Abyss:1: 246 daAuts
